Map: Eternal Empire LE

Players

starkiller - Winner!

  • Race: Zerg Zerg
  • Spawn Location: 1:00

A.I. 2 (Very Easy)

  • Race: Terran Terran
  • Spawn Location: 7:00

VOD

Have the link to the VOD?

Description

Time

  • Played on: May 1, 2020, 1:09 p.m.
  • Length: 10:53
Show
View Real Time Build Order
Export as new Build Order

starkiller Zerg - Winner!

Build Orders: Hatch First 

Get SALT Encoding   

  12  0:01  Drone  
  13  0:08  Drone  
  14  0:15  Extractor, Drone  
  15  0:22  Overlord  
  15  0:40  Drone x2  
  17  0:52  Hatchery  
  17  0:55  Drone  
  17  0:59  Drone  
  18  1:09  Extractor  
  17  1:14  Spawning Pool  
  17  1:16  Drone  
  17  1:20  Drone  
  18  1:27  Drone  
  19  1:38  Overlord  
  19  1:48  Drone  
  20  2:00  Queen  
  23  2:01  Zergling x2  
  23  2:03  Queen  
  23  2:04  Zergling x2  
  26  2:10  Drone  
  26  2:11  Metabolic Boost  
  27  2:19  Drone  
  28  2:23  Drone  
  28  2:26  Drone  
  30  2:33  Drone  
  31  2:37  Drone  
  31  2:39  Queen  
  31  2:42  Drone  
  35  2:48  Extractor, Lair  
  34  2:55  Overlord  
  34  2:56  Drone  
  35  3:02  Drone  
  36  3:14  Drone x6  
  36  3:15  Overlord  
  42  3:23  Drone x2  
  44  3:28  Extractor  
  44  3:30  Extractor  
  44  3:32  Drone  
  43  3:35  Drone x2  
  45  3:44  Drone  
  45  3:46  Spire  
  45  3:49  Drone  
  45  3:53  Drone  
  45  3:54  Drone x3  
  50  3:56  Drone x2  
  50  3:58  Overlord  
  52  4:14  Overlord  
  52  4:16  Zergling x4  
  54  4:21  Zergling x2  
  54  4:23  Zergling x2  
  56  4:39  Drone  
  56  4:44  Overlord  
  57  4:58  Mutalisk x5  
  67  5:02  Mutalisk x3, Hatchery  
  67  5:04  Overlord x2  
  72  5:14  Drone x3  
  75  5:24  Evolution Chamber, Drone x3  
  75  5:25  Evolution Chamber, Roach Warren  
  75  5:26  Drone x4  
  79  5:30  Drone  
  79  5:34  Overlord  
  80  5:39  Drone  
  81  5:43  Drone  
  81  5:49  Drone  
  83  5:51  Zerg Ground Armor Level 1, Zerg Missile Weapons Level 1  
  83  5:58  Drone x3  
  83  5:59  Drone x3  
  83  6:00  Drone  
  90  6:09  Drone x2  
  92  6:14  Extractor x2  
  92  6:15  Drone  
  92  6:16  Drone  
  92  6:19  Glial Reconstitution  
  92  6:21  Drone  
  92  6:22  Drone  
  92  6:25  Hatchery  
  93  6:27  Overlord  
  93  6:29  Roach x3  
  93  6:31  Queen  
  101  6:33  Roach  
  103  6:44  Roach  
  103  6:45  Overlord  
  105  6:47  Roach x4  
  105  6:52  Overlord  
  105  6:54  Overlord  
  113  6:57  Overlord  
  113  7:00  Overlord  
  113  7:03  Overlord  
  113  7:05  Roach  
  113  7:06  Roach x3  
  121  7:10  Overlord x2  
  121  7:12  Roach  
  121  7:14  Roach  
  121  7:15  Roach  
  127  7:18  Roach x2  
  135  7:22  Roach  
  135  7:23  Roach x2  
  135  7:24  Roach  
  135  7:25  Roach  
  135  7:26  Roach  
  143  7:30  Roach  
  143  7:31  Roach x2  
  143  7:35  Roach x2  
  153  7:38  Overlord  
  153  7:39  Queen  
  153  7:44  Roach x2  
  159  7:48  Roach x2  
  163  7:52  Roach x2  
  163  7:53  Roach  
  163  7:56  Overlord x2  
  169  8:08  Ravager  
  169  8:09  Ravager x15  
  169  8:12  Roach x3  
  191  8:15  Roach  
  191  8:16  Roach x3  
  199  9:06  Infestation Pit  
  198  9:19  Hydralisk Den  
Show
View Real Time Build Order
Export as new Build Order

A.I. 2 (Very Easy) Terran 

Build Orders:  

Get SALT Encoding   

  12  0:00  SCV  
  13  0:13  SCV  
  14  0:18  Supply Depot  
  14  0:36  Refinery  
  14  0:42  Barracks  
  14  1:04  Supply Depot  
  14  1:13  Refinery  
  14  1:30  Marine  
  14  1:31  Orbital Command  
  15  1:56  SCV  
  16  2:08  SCV  
  17  2:17  Marine  
  17  2:20  SCV  
  19  2:32  SCV  
  19  2:36  Barracks Tech Lab  
  20  2:45  SCV  
  21  2:57  SCV  
  22  3:05  Marauder  
  24  5:47  Marine  
  24  5:48  Supply Depot  
  24  5:49  SCV  
  21  6:02  SCV  
  10  6:14  SCV  
  10  6:16  Marauder  
  13  6:26  SCV  
  14  6:38  SCV  
  15  6:44  Marine  
  16  6:50  SCV  
  17  6:58  Factory  
  17  6:59  Command Center  
  17  7:02  SCV  
  14  7:13  Marine  
  14  7:14  SCV  
  16  7:26  SCV  
  17  7:38  SCV  
  17  7:44  Starport, Marine  
  19  7:50  SCV  
  18  8:03  SCV  
  21  8:13  Hellion  
  21  8:14  Refinery  
  21  8:15  SCV  
  21  8:17  SCV  
  23  8:25  Starport Tech Lab, Refinery  
  23  8:27  SCV  
  23  8:31  SCV  
  24  8:39  SCV  
  25  8:43  Marine  
  25  8:46  Raven  
  28  8:53  SCV  
  22  8:57  Supply Depot  
  18  9:05  SCV  
Tags
 
Add a new tag
Caveats
  • Supply blocks, unpowered buildings, or Contaminate may cause inaccurate times.
  • Supply counts are checked every 10 seconds.